AoeStats
← Yousnake

Arabia

509974090Analyzed
3v3 RM · 2d ago on Sep 28, 2026· 69m 0s· 6 players
Game mode
Random Map
Map size
Normal (6 player)
Population
200
Speed
Normal
Resources
Standard
Victory
Conquest
Starting age
Dark Age
Ending age
Imperial Age
RankedLock teamsTeams togetherTeam positionsShared explorationLock speedFull tech treeHidden civsTurbo modeCheats
Victory
Defeat
🇧🇷 Magyars · Brazil
783
+15
🇧🇷 Saracens · Brazil
773
+16
🇧🇷 Vietnamese · Brazil
593
+23
🇫🇷 Tupi · France
767
-18
🇲🇦 Franks · Morocco
756
-18
🇲🇦 Aztecs · Morocco
756
-18
GLORY MUSTAF
4:30 Loom
12:36 Feudal Age
13:08 Double-Bit Axe
19:03 Castle Age
18:21 Arson
21:40 Squires
21:03 Pikeman
28:18 Husbandry
29:01 Light Cavalry
30:23 Gambesons
34:20 Scale Barding Armor
35:52 Scale Mail Armor
37:51 Man-at-Arms
39:02 Gold Mining
39:04 Long Swordsman
41:15 Chain Barding Armor
49:32 Gold Shaft Mining
53:08 Bow Saw
54:05 Chain Mail Armor
57:21 Forging
Yousnake
7:53 Loom
12:48 Feudal Age
17:05 Castle Age
15:37 Champi Runner
19:20 Double-Bit Axe
21:52 Wheelbarrow
21:35 Champi Warrior
23:56 Squires
23:17 Pikeman
24:10 Squires
25:05 Forging
27:06 Iron Casting
30:28 Padded Archer Armor
30:32 Scale Mail Armor
32:03 Horse Collar
34:22 Hand Cart
34:49 Town Watch
35:49 Caciques
36:38 Bow Saw
36:38 Fletching
37:04 Chain Mail Armor
36:50 Padded Archer Armor
37:03 Heavy Plow
38:21 Gold Mining
42:14 Caravan
45:08 Imperial Age
43:50 Ballistics
43:26 Murder Holes
44:15 Sanctity
45:30 Halberdier
50:38 Chemistry
49:05 Elite Blackwood Archer
51:31 Elite Champi Warrior
53:22 Bodkin Arrow
57:21 Curare
60:06 Elite Skirmisher
TITAN
9:10 Loom
12:20 Feudal Age
12:57 Double-Bit Axe
12:55 Horse Collar
13:11 Gold Mining
23:11 Castle Age
22:46 Forging
22:38 Scale Mail Armor
25:31 Stone Mining
29:55 Crossbowman
34:34 Man-at-Arms
35:48 Eagle Warrior
37:46 Bow Saw
37:43 Heavy Plow
37:47 Arson
38:43 Iron Casting
46:33 Murder Holes
49:37 Squires
49:58 Chain Mail Armor
56:50 Imperial Age
54:56 Wheelbarrow
55:06 Wheelbarrow
57:09 Padded Archer Armor
56:59 Fletching
58:39 Elite Skirmisher
61:29 Leather Archer Armor
61:10 Bodkin Arrow
65:05 Ballistics
65:46 Chemistry
[COA] BLADE 大名
9:21 Loom
11:42 Feudal Age
16:33 Castle Age
19:33 Double-Bit Axe
23:51 Man-at-Arms
28:12 Bow Saw
30:13 Forging
30:09 Scale Barding Armor
34:12 Iron Casting
33:57 Chain Barding Armor
40:42 Chain Barding Armor
44:31 Bloodlines
44:23 Husbandry
47:16 Imperial Age
47:05 Gold Mining
48:29 Elite Mameluke
50:29 Blast Furnace
50:06 Plate Barding Armor
51:11 Chemistry
50:33 Ballistics
51:02 Conscription
53:58 Two-Man Saw
52:44 Horse Collar
54:18 Arrowslits
54:49 Masonry
[COA] CapitãoBR
8:10 Loom
10:10 Feudal Age
10:51 Double-Bit Axe
14:49 Horse Collar
15:59 Double-Bit Axe
19:21 Bloodlines
24:27 Castle Age
27:46 Crossbowman
28:43 Husbandry
31:27 Heavy Plow
31:42 Scale Barding Armor
32:39 Thumb Ring
34:51 Husbandry
35:02 Gold Mining
35:02 Stone Mining
36:19 Gold Shaft Mining
36:21 Wheelbarrow
35:51 Corvinian Army
36:10 Fletching
36:21 Padded Archer Armor
38:48 Bow Saw
43:38 Hand Cart
43:36 Bodkin Arrow
43:45 Scale Mail Armor
45:34 Chain Barding Armor
52:13 Imperial Age
52:29 Cavalier
53:30 Leather Archer Armor
54:11 Conscription
54:54 Pikeman
57:12 Caravan
56:38 Arbalester
57:51 Ring Archer Armor
59:54 Two-Man Saw
59:20 Elite Magyar Huszar
66:53 Coinage
67:46 Plate Barding Armor
67:11 Bracer
Spartanloko
12:39 Feudal Age
15:01 Wheelbarrow
14:12 Town Watch
16:27 Double-Bit Axe
17:01 Man-at-Arms
17:28 Arson
24:45 Forging
25:36 Scale Mail Armor
25:37 Padded Archer Armor
30:14 Castle Age
29:49 Horse Collar
30:23 Gold Mining
30:24 Stone Mining
30:36 Stone Mining
30:55 Scale Barding Armor
30:41 Fletching
30:55 Heavy Plow
31:13 Hand Cart
30:59 Town Patrol
31:14 Bow Saw
31:11 Squires
30:32 Long Swordsman
35:20 Chain Mail Armor
35:41 Iron Casting
36:48 Ballistics
37:13 Murder Holes
37:08 Guard Tower
37:09 Heated Shot
38:34 Caravan
38:09 Crossbowman
38:42 Pikeman
39:19 Treadmill Crane
39:50 Fortified Wall
39:51 Masonry
39:29 Loom
40:54 Thumb Ring
45:17 Leather Archer Armor
44:59 Bodkin Arrow
45:24 Chain Barding Armor
45:10 Chatras
48:27 Imperial Age
48:37 Two-Handed Swordsman
48:38 Elite Fire Lancer
50:36 Hoardings
49:55 Arrowslits
58:09 Elite Skirmisher
61:44 Chemistry
60:10 Elite Skirmisher
64:50 Champion
66:14 Paper Money
65:27 Sappers
66:56 Capped Ram
69:03 Plate Mail Armor
69:04 Ring Archer Armor
Connection lost

Rejoining the realm…

Still unreachable

The connection could not be restored.

Session expired

The server has moved on; the page needs a fresh start.